 Dungeon Crawl Stone Soup version 0.23-a0-446-g036aa52 (webtiles) character file.

24014 Dfrag the Destroyer (level 13, -5/94 HPs)
             Began as a Naga Fire Elementalist on Nov 18, 2018.
             Was a High Priest of Makhleb.
             Slain by a five-headed hydra (11 damage)
             ... on level 4 of the Lair of Beasts.
             The game lasted 00:32:26 (16162 turns).

Dfrag the Destroyer (Naga Fire Elementalist)       Turns: 16162, Time: 00:32:26

Health: -5/94      AC: 10    Str: 14    XL:     13   Next: 10%
Magic:  33/37      EV: 10    Int: 28    God:    Makhleb [*****.]
Gold:   212        SH:  0    Dex: 17    Spells: 22/35 levels left

rFire    + + .     SeeInvis +   P - +0 mace of Wophel {freeze, Str+3} (curse)
rCold    . . .     Gourm    .   (no shield)
rNeg     . . .     Faith    .   x - +1 leather armour of Lies {rF+ Dex+4 Stlth+}
rPois    +         Spirit   .   Y - +2 helmet
rElec    .         Reflect  .   z - scarf {cloud immunity}
rCorr    .         Harm     .   N - +0 pair of gloves
MR       +....                  (no barding)
Stlth    ++++++....             i - amulet of Plog {RegenMP Int+7 Dex-2}
HPRegen  0.25/turn              A - ring of Lilacs {rF+ Dex+4 SInv}
MPRegen  0.50/turn              R - ring of magical power

@: very slightly contaminated, studying Unarmed Combat, very slow
A: large, see invisible, deformed body, poison resistance, slowness 2, slow
metabolism 1, spit poison 1, constrict 1, AC +4
a: Spit Poison, Minor Destruction, Lesser Servant of Makhleb, Major Destruction,
Greater Servant of Makhleb, Renounce Religion


You were on level 4 of the Lair of Beasts.
You worshipped Makhleb.
Makhleb was extremely pleased with you.
You were not hungry.

You visited 4 branches of the dungeon, and saw 18 of its levels.
You also visited: Sewer.

You collected 1119 gold pieces.
You spent 907 gold pieces at shops.

Inventory:

Hand Weapons
 d - a +2 dagger of venom
 P - the cursed +0 mace of Wophel (weapon) {freeze, Str+3}
   (You found it on level 3 of the Lair of Beasts)

   It has been specially enchanted to freeze those struck by it, causing extra
   injury to most foes and up to half again as much damage against particularly
   susceptible opponents.
   It can also slow down cold-blooded creatures.
   It affects your strength (+3).
   It has a curse placed upon it.
 V - a cursed +3 battleaxe
Armour
 b - a cursed +0 leather armour
 w - a +2 leather armour of cold resistance
 x - the +1 leather armour of Lies (worn) {rF+ Dex+4 Stlth+}
   (You found it on level 4 of the Dungeon)

   It affects your dexterity (+4).
   It protects you from fire.
   It makes you more stealthy.
 z - a scarf of cloud immunity (worn)
 N - a +0 pair of gloves (worn)
 Y - a +2 helmet (worn)
Jewellery
 i - the amulet of Plog (around neck) {RegenMP Int+7 Dex-2}
   (You bought it in a shop on level 9 of the Dungeon)

   [amulet of magic regeneration]

   It increases your magic regeneration.
   It affects your intelligence (+7).
   It affects your dexterity (-2).
 A - the ring of Lilacs (left hand) {rF+ Dex+4 SInv}
   (You found it on level 5 of the Dungeon)

   [ring of see invisible]

   It affects your dexterity (+4).
   It protects you from fire.
   It lets you see invisible.
 C - an uncursed ring of positive energy
 F - an uncursed ring of see invisible {unknown}
 L - an uncursed amulet of rage
 R - a ring of magical power (right hand)
Wands
 a - a wand of iceblast (6)
 k - a wand of clouds (4)
 H - a wand of digging (10)
 J - a wand of paralysis (11)
 Q - a wand of polymorph (15)
 T - a wand of acid (10)
Scrolls
 g - 2 scrolls of teleportation
 h - a scroll of fog
 l - 7 scrolls of remove curse
 m - 2 scrolls of immolation
 n - a scroll of summoning
 o - 3 scrolls of noise
 y - 3 scrolls of fear
 B - 2 scrolls of blinking
 D - 4 scrolls of enchant weapon
 G - 2 scrolls of magic mapping
 K - a scroll of enchant armour
 S - a scroll of silence {unknown}
Potions
 e - 10 potions of curing
 j - 2 potions of berserk rage
 p - 2 potions of haste
 q - 2 potions of ambrosia
 r - 2 potions of flight
 s - 3 potions of heal wounds
 t - 2 potions of resistance
 u - 2 potions of magic
 v - 2 potions of invisibility
 E - 3 potions of cancellation
 I - 4 potions of lignification
 W - a potion of mutation
Books
 f - a manual of Unarmed Combat
Miscellaneous
 O - a lamp of fire
Comestibles
 c - 14 rations
 M - 6 chunks of flesh


   Skills:
 - Level 1.5 Dodging
 + Level 10.9 Stealth
 + Level 11.6 Spellcasting
 + Level 12.4 Conjurations
 - Level 11.0 Fire Magic


You had 22 spell levels left.
You knew the following spells:

 Your Spells              Type           Power        Failure   Level  Hunger
a - Flame Tongue          Conj/Fire      #####        1%          1    None
b - Conjure Flame         Conj/Fire      ######..     1%          3    None
c - Sticky Flame          Conj/Fire      ######..     1%          4    None
d - Fireball              Conj/Fire      ######....   1%          5    ###....

Your spell library contained the following spells:

 Spells                   Type           Power        Failure   Level  Hunger
 Throw Flame              Conj/Fire      ######       1%          2    None
 Inner Flame              Hex/Fire       #####...     1%          3    None
 Confusing Touch          Hex            ###...       4%          1    None
 Summon Small Mammal      Summ           ###.         4%          1    None
 Call Imp                 Summ           ###.....     7%          2    None
 Irradiate                Conj/Tmut      ######....   10%         5    ###....
 Call Canine Familiar     Summ           ###.....     13%         3    None
 Confuse                  Hex            ###.....     13%         3    None
 Gell's Gravitas          Tloc           ###.......   13%         3    None
 Summon Guardian Golem    Hex/Summ       ###.....     13%         3    None
 Petrify                  Tmut/Erth      ###.....     41%         4    None
 Summon Ice Beast         Ice/Summ       ###.....     41%         4    None
 Summon Lightning Spire   Summ/Air       ###.....     41%         4    None
 Metabolic Englaciation   Hex/Ice        ###.......   77%         5    ###....
 Yara's Violent Unravell  Hex/Tmut       ###.......   77%         5    ###....
 Hydra Form               Tmut           ###.......   100%        6    #####..
 Statue Form              Tmut/Erth      ###......    100%        6    #####..
 Dragon Form              Tmut           ###.......   100%        7    ######.


Dungeon Overview and Level Annotations

Branches:
Dungeon (11/15)            Temple (1/1) D:4            Lair (4/6) D:11
    Orc (2/2) D:9
  Swamp: Lair:2-4    Shoals: Lair:2-4     Snake: Lair:2-4    Spider: Lair:2-4
    Elf: Orc:2

Altars:
Cheibriados
Dithmenos
Elyvilon
Gozag
Makhleb
Sif Muna
Trog
Uskayaw
Vehumet
Yredelemnul
Zin
The Shining One
Beogh

Shops:
D:7 ?   D:9 =[%*   D:10 ((

Annotations:
D:6 1 runed door
Lair:4 1 runed door


Innate Abilities, Weirdness & Mutations

You cannot wear boots.
Your serpentine skin is tough. (AC +4)
You have supernaturally acute eyesight. (SInv)
Armour fits poorly on your strangely shaped body.
Your system is resistant to poisons. (rPois)
You cover ground very slowly.
You have a slow metabolism.
You can spit poison.
You can use your snake-like lower body to constrict enemies.


Message History

Aiming: Fireball (safe; 1% risk of failure)
Press: ? - help, Shift-Dir - straight line
Okay, then.
Blink to where?
Press: ? - help, Dir - move target cursor You are very lightly contaminated with residual magic.
As you read the scroll of blinking, it crumbles to dust.
The swamp worm throws harpoon shot at you.
The harpoon shot hits you!
You are yanked forward by the harpoon shot.
Splash!
You fall into the shallow water.
Moving in this stuff is going to be slow.
The five-headed hydra bites you! x2
* * * LOW HITPOINT WARNING * * *
The five-headed hydra bites you but does no damage.
The five-headed hydra bites you!
* * * LOW HITPOINT WARNING * * *
The five-headed hydra bites you!
You die...

##..PP#P......
##.............
##..............
#######...............
#.................÷...
♣♣..♣♣♣♣♣♣♣....##......
♣...≈≈≈≈≈≈♣♣.#...####..
♣♣≈≈≈≈≈≈≈≈♣♣...<....###
♣♣≈wt@D≈≈♣♣P#........#
♣...§≈w≈♣♣#####.......
♣♣...♣♣♣♣ ##....###..[
♣♣...§ .....#...##.
♣♣♣♣§§ ♣....^#...## §§♣
#..........#
..♣♣...........
..♣#...........
♣........##..


You could see a five-headed hydra, 2 swamp worms and a crocodile.

Vanquished Creatures
  A catoblepas (Lair:3)
  A two-headed ogre (D:8)
  A lindwurm (Lair:3)
  An elephant (Lair:3)
  4 black mambas
  5 spiny frogs
  A rime drake (Lair:3)
  A komodo dragon (Lair:4)
  A polar bear (Lair:2)
  A troll (Orc:2)
  16 blink frogs
  5 hippogriffs
  36 yaks
  A wraith (D:9)
  2 basilisks
  2 wargs (Orc:2)
  4 water moccasins
  9 porcupines
  3 sky beasts
  2 ice beasts
  6 orc warriors
  2 necrophages
  An eye of draining (D:8)
  3 phantoms
  2 black bears
  6 ogres
  3 centaurs
  5 wolves (Lair:4)
  8 crocodiles
  18 bullfrogs
  4 scorpions
  A wyvern skeleton (D:7)
  A water moccasin skeleton (D:6)
  5 wights (D:11)
  An electric eel (Lair:3)
  A howler monkey (D:7)
  7 crimson imps
  2 centaur zombies
  A bullfrog zombie (D:6)
  8 hounds
  2 quasits
  3 jellies
  8 orc priests
  16 orc wizards
  A bullfrog skeleton (D:7)
  6 iguanas
  11 worker ants
  A worker ant zombie (D:7)
  A howler monkey skeleton (D:7)
  10 adders
  3 river rats (D:6)
  3 shadow imps
  An ooze (D:3)
  3 adder skeletons
  2 adder zombies
  3 worms
  3 dart slugs
  A leopard gecko (D:7)
  43 orcs
  3 giant cockroaches
  11 goblins
  9 hobgoblins
  16 jackals
  9 kobolds
  4 quokkas
  2 ball pythons (D:2)
  10 bats
  6 frilled lizards
  A goblin skeleton (D:9)
  A goblin zombie (D:9)
  4 hobgoblin zombies (D:9)
  A jackal skeleton (D:4)
  A kobold skeleton (D:9)
  A kobold zombie (D:9)
  A leopard gecko skeleton (D:7)
  3 orc skeletons (D:9)
  An orc zombie (D:9)
  10 rats
397 creatures vanquished.

Vanquished Creatures (others)
  3 fungi (Lair:3)
  5 plants
  10 toadstools (Lair:3)
18 creatures vanquished.

Grand Total: 415 creatures vanquished

Notes
Turn   | Place    | Note
-------+----------+-------------------------------------------
     0 | D:1      | Dfrag the Naga Fire Elementalist began the quest for the
                  | Orb.
     0 | D:1      | Reached XP level 1. HP: 15/15 MP: 3/3
    72 | D:1      | Reached XP level 2. HP: 9/22 MP: 0/5
   309 | D:1      | Reached XP level 3. HP: 27/28 MP: 3/6
   641 | D:2      | Reached skill level 2 in Conjurations
   643 | D:2      | Reached XP level 4. HP: 34/36 MP: 1/8
   868 | D:2      | Found a faded altar of an unknown god.
   935 | D:2      | You fall through a shaft!
   973 | D:3      | Learned a level 3 spell: Conjure Flame
   978 | D:3      | Learned a level 4 spell: Sticky Flame
  1134 | D:3      | Noticed an ogre
  1141 | D:3      | Killed an ogre
  1141 | D:3      | Reached skill level 3 in Conjurations
  1141 | D:3      | Reached XP level 5. HP: 28/42 MP: 1/10
  2202 | D:4      | Reached XP level 6. HP: 45/49 MP: 3/11
  2232 | D:4      | Got a bloodstained leather armour
  2243 | D:4      | Identified the cursed +1 leather armour of Lies {rF+ Dex+4
                  | Stlth+} (You found it on level 4 of the Dungeon)
  2308 | D:4      | Found a staircase to the Ecumenical Temple.
  2318 | Temple   | Entered the Ecumenical Temple
  2338 | Temple   | Became a worshipper of Makhleb the Destroyer
  2790 | D:4      | Noticed a phantom
  2812 | D:4      | Killed a phantom
  2812 | D:4      | Reached skill level 4 in Conjurations
  2812 | D:4      | Reached skill level 5 in Fire Magic
  2812 | D:4      | Reached XP level 7. HP: 23/55 MP: 2/13
  3163 | D:5      | Entered Level 5 of the Dungeon
  3374 | D:5      | HP: 1/55 [centaur (2)]
  3379 | D:5      | HP: 4/82 [centaur (4)]
  3812 | D:5      | Reached * piety under Makhleb
  4190 | D:5      | Reached skill level 5 in Spellcasting
  4190 | D:5      | Reached skill level 5 in Conjurations
  4190 | D:5      | Reached XP level 8. HP: 53/62 MP: 15/15
  4344 | D:5      | Got a crude copper ring
  4699 | D:6      | Found a glowing silver altar of Zin.
  4699 | D:6      | Noticed an angel
  4700 | D:6      | Found a runed door.
  4926 | D:6      | Found a glowing drain.
  5011 | Sewer    | Entered a sewer
  5515 | D:6      | Reached ** piety under Makhleb
  5852 | D:7      | Noticed a hippogriff
  5866 | D:7      | Reached skill level 6 in Conjurations
  5975 | D:7      | Reached XP level 9. HP: 55/68 MP: 9/18
  6349 | D:7      | Reached skill level 7 in Conjurations
  6375 | D:7      | Identified the ring of Lilacs {rF+ Dex+4 SInv} (You found
                  | it on level 5 of the Dungeon)
  6768 | D:7      | Noticed a gargoyle
  7031 | D:7      | Learned a level 5 spell: Fireball
  7231 | D:7      | Reached *** piety under Makhleb
  7841 | D:7      | Found a snail-covered altar of Cheibriados.
  7857 | D:7      | Found Omisism's Magic Scroll Shop.
  7872 | D:7      | Bought a scroll of teleportation for 42 gold pieces
  7872 | D:7      | Bought a scroll of identify for 28 gold pieces
  7872 | D:7      | Bought a scroll of identify for 28 gold pieces
  7872 | D:7      | Bought a scroll of identify for 28 gold pieces
  7872 | D:7      | Bought 2 scrolls of identify for 56 gold pieces
  7872 | D:7      | Bought a scroll of identify for 28 gold pieces
  7872 | D:7      | Bought a scroll of identify for 28 gold pieces
  7872 | D:7      | Bought a scroll of identify for 28 gold pieces
  7980 | D:8      | Reached XP level 10. HP: 75/75 MP: 15/21
  8078 | D:8      | Reached skill level 8 in Conjurations
  8412 | D:8      | Noticed a two-headed ogre
  8419 | D:8      | Killed a two-headed ogre
  8655 | D:9      | Found Riesa's General Store.
  8686 | D:9      | Found a staircase to the Orcish Mines.
  8701 | D:9      | Bought a scroll of identify for 24 gold pieces
  8826 | D:9      | Found Vokh's Food Emporium.
  8855 | D:9      | Found Kudd's Jewellery Boutique.
  8985 | D:9      | Found Macs's Armour Boutique.
  9004 | D:9      | Reached skill level 9 in Conjurations
  9026 | D:9      | Found a glowing golden altar of the Shining One.
  9189 | D:9      | Found a roughly hewn altar of Beogh.
  9378 | D:9      | Reached **** piety under Makhleb
  9626 | D:10     | Entered Level 10 of the Dungeon
  9766 | D:10     | Found Tunujima's Antique Weapon Shoppe.
  9913 | D:10     | Reached skill level 10 in Fire Magic
  9913 | D:10     | Reached XP level 11. HP: 65/80 MP: 0/24
 10779 | D:10     | Found Suhomukk's Antique Weapon Emporium.
 11092 | D:11     | Reached skill level 10 in Conjurations
 11318 | D:11     | Found a staircase to the Lair.
 11588 | Orc:1    | Entered Level 1 of the Orcish Mines
 11631 | Orc:2    | Entered Level 2 of the Orcish Mines
 12022 | Orc:2    | Noticed a deep troll
 12130 | Lair:1   | Entered Level 1 of the Lair of Beasts
 12602 | Lair:1   | Reached skill level 10 in Spellcasting
 12768 | Lair:1   | Reached ***** piety under Makhleb
 13626 | Lair:2   | Got a transparent lead amulet
 13640 | Lair:2   | Identified the amulet "Ighuyph" {Faith rElec rC+} (You
                  | found it on level 2 of the Lair of Beasts)
 13793 | Lair:2   | Reached skill level 5 in Stealth
 13793 | Lair:2   | Reached XP level 12. HP: 88/88 MP: 19/26
 13800 | Lair:2   | Reached skill level 11 in Conjurations
 14113 | D:9      | Bought the amulet of Plog {RegenMP Int+7 Dex-2} for 617
                  | gold pieces
 15214 | Lair:3   | Found a runed door.
 15720 | Lair:3   | Noticed a catoblepas
 15725 | Lair:3   | Killed a catoblepas
 15736 | Lair:3   | Reached skill level 12 in Conjurations
 15806 | Lair:3   | Got a jewelled mace
 15807 | Lair:3   | Identified the cursed +0 mace of Wophel {freeze, Str+3}
                  | (You found it on level 3 of the Lair of Beasts)
 15891 | Lair:4   | Reached skill level 10 in Stealth
 15960 | Lair:4   | Gained mutation: You can use your snake-like lower body to
                  | constrict enemies. [Naga growth]
 15960 | Lair:4   | Reached XP level 13. HP: 94/94 MP: 19/28
 16024 | Lair:4   | Found a runed door.
 16162 | Lair:4   | Slain by a five-headed hydra

Vault maps used:
D:1:      minmay_arrival_open_corners
D:2:      chequers_ecumenical_altar_simple_redux, columned_hall_lemuel,
          minmay_split_cup_small
D:3:      serial_forest, infiniplex_forest_clump_tiny, infiniplex_forest_split,
          infiniplex_forest_clump_long, infiniplex_forest_end_2,
          infiniplex_forest_3_way, infiniplex_forest_lined_room_2,
          infiniplex_forest_side_room, infiniplex_forest_end_1,
          infiniplex_forest_lined_room_2
D:4:      minmay_temple_entry_grid, first_ration
D:6:      portal_sewer_entry_c, lemuel_angel_altar
D:7:      minmay_the_grid_octo_tiled_octocenter, cheibriados_altar_1,
          serial_shops, shop_coins, minmay_manual_maat
D:9:      minmay_orc_entry_temple_small, serial_shops, nicolae_shop_crystal,
          nicolae_shop_statue_plus, nicolae_shop_crystal, shop,
          nicolae_tso_besieged_by_evil
D:10:     serial_shops, nicolae_shop_overgrown_old_shop, kennysheep_mini
D:11:     grunt_lair_entry_orc_guard_hut
Temple:   compressed_dpeg_circular_temple
Lair:3:   gammafunk_lair_enchanted_lake, hangedman_lair_unloving_vines
Lair:4:   palyth_hydra_swamp_entry, nicolae_spider_entry_tight_spaces,
          pf_torpor_hydra, grunt_megastairs_4, serial_bayou_shore_b
Orc:1:    minmay_goldmine, serial_shops, shop_fountains, gammafunk_ghost_arena,
          mines_bat_river, uniq_josephine, uniq_urug, uniq_gastronok
Orc:2:    st_orc_open
Sewer:    sewer_the_crocodile

Skill      XL: |  1  2  3  4  5  6  7  8  9 10 11 12 |
---------------+-------------------------------------+-----
Conjurations   | 2 3 4 5 6 7 9 10 12 | 12.4
Spellcasting   | 3 4 5 6 7 9 10 11 | 11.6
Fire Magic     | 4 5 7 8 10 11 | 11.0
Stealth        | 5 10 | 10.9
Dodging        | |  1.5

Action                   |  1- 3 |  4- 6 |  7- 9 | 10-12 | 13-15 || total
-------------------------+-------+-------+-------+-------+-------++-------
Melee: Unarmed           |     8 |       |       |       |       ||     8
       Dagger            |     8 |    23 |   306 |   243 |       ||   580
       Battleaxe         |       |       |    27 |    29 |       ||    56
       Mace              |       |       |       |     6 |     1 ||     7
 Cast: Flame Tongue      |    33 |    69 |    66 |   141 |     6 ||   315
       Sticky Flame      |       |     4 |    52 |   112 |     5 ||   173
       Fireball          |       |       |       |    63 |    11 ||    74
 Abil: Spit Poison       |    19 |    20 |    11 |    14 |       ||    64
  Use: Scroll            |       |     5 |    13 |    12 |     1 ||    31
       Potion            |       |       |     2 |     1 |       ||     3
 Stab: Sleeping          |       |       |     8 |     3 |       ||    11
  Eat: Chunk             |       |     9 |    19 |    27 |     1 ||    56
       Ration            |       |       |     1 |     3 |       ||     4
Armor: Robe              |       |    11 |       |     1 |       ||    12
       Leather armour    |       |     2 |   178 |   162 |     3 ||   345
Dodge: Dodged            |    22 |    28 |   219 |   291 |     8 ||   568

Table legend:
 A = Non-vault XP
 B = Vault XP
 C = Vault XP percentage of total XP
 D = Non-vault monster count
 E = Vault monster count
 F = Vault count percentage of total count
                 A         B        C        D         E       F
            +---------+---------+-------+---------+---------+-------
      Total |   26377 |    7930 |  23.1 |     314 |      83 |  20.9
            +---------+---------+-------+---------+---------+-------
        D:1 |      49 |       0 |   0.0 |      30 |       0 |   0.0
        D:2 |      71 |       5 |   6.6 |      18 |       3 |  14.3
        D:3 |     185 |       0 |   0.0 |      20 |       0 |   0.0
        D:4 |     340 |       0 |   0.0 |      15 |       0 |   0.0
        D:5 |     623 |       0 |   0.0 |      26 |       0 |   0.0
        D:6 |     431 |      47 |   9.8 |      21 |       6 |  22.2
        D:7 |     668 |    1896 |  73.9 |      19 |      28 |  59.6
        D:8 |    2367 |       0 |   0.0 |      18 |       0 |   0.0
        D:9 |    1087 |     195 |  15.2 |      19 |      20 |  51.3
       D:10 |    2804 |       0 |   0.0 |      27 |       0 |   0.0
       D:11 |    1152 |     694 |  37.6 |      14 |       5 |  26.3
     Lair:1 |    2935 |       0 |   0.0 |      16 |       0 |   0.0
     Lair:2 |    3126 |       0 |   0.0 |      14 |       0 |   0.0
     Lair:3 |    5835 |    3727 |  39.0 |      24 |       9 |  27.3
     Lair:4 |    3804 |     943 |  19.9 |      20 |       5 |  20.0
      Orc:2 |     900 |     307 |  25.4 |      13 |       1 |   7.1
      Sewer |       0 |     116 | 100.0 |       0 |       6 | 100.0
            +---------+---------+-------+---------+---------+-------
